[Event "42nd Olympiad Baku 2016 Women"]
[Site "Baku"]
[Date "2016.09.04"]
[Round "3.11"]
[White "Mayar ElIdrissi, Firdaous"]
[Black "Chang, Suzana"]
[Result "0-1"]
[ECO "B40"]
[WhiteElo "1786"]
[BlackElo "2093"]
[Annotator ""]
[PlyCount "98"]
[EventDate "2016.??.??"]
[EventCountry "AZE"]
[SourceTitle "playchess.com"]
[Source "ChessBase"]
[WhiteTeam "Morocco"]
[BlackTeam "Brazil"]
[WhiteTeamCountry "MAR"]
[BlackTeamCountry "BRA"]
[TimeControl "40/5400+30:1800+30"]

1. e4 {(00:00)} c5 {(00:00)} 2. Nf3 {(00:00)} e6 {(
00:00)} 3. c3 {(02:10)} d5 {(02:19)} 4. exd5 {(00:38)}
Qxd5 {(00:17)} 5. d4 {(01:31)} Nf6 {(02:24)} 6. Be2 {
(02:40)} cxd4 {(01:15)} 7. Qxd4 {(02:17)} Nc6 {(03:
20)} 8. Qxd5 {(01:11)} Nxd5 {(00:34)} 9. O-O {(00:52)} Be7
{(00:47)} 10. Nbd2 {(05:07)} O-O {(03:54)} 11. Nb3 {
(04:06)} e5 {(08:15)} 12. Bb5 {(07:57)} f6 {(00:32]
} 13. a4 {(13:47)} Be6 {(01:31)} 14. Bc4 {(09:20)} Rac8 {
(04:50)} 15. Be3 {(09:34)} Ncb4 {(23:27)} 16. Nbd2 {
(20:24)} Nc2 {(05:20)} 17. Rad1 {(05:22)} Ncxe3 {(
01:12)} 18. fxe3 {(00:14)} Bc5 {(02:20)} 19. Rfe1 {(00:16]
} Bf7 {(01:43)} 20. Nf1 {(01:35)} Rfd8 {(01:42)} 21. Kh1 {
(00:42)} Bb6 {(11:53)} 22. Bb3 {(01:39)} Kf8 {(01:
10)} 23. g3 {(02:44)} Nc7 {(09:34)} 24. Bxf7 {(00:35)}
Kxf7 {(00:03)} 25. e4 {(01:00)} Ne6 {(00:19)} 26. Ra1 {
(04:41)} a5 {(03:04)} 27. Ne3 {(00:45)} Bxe3 {(01:
21)} 28. Rxe3 {(00:02)} Rd6 {(02:32)} 29. Kg2 {(01:09)}
Rcd8 {(01:32)} 30. b4 {(00:21)} Ke7 {(04:41)} 31. Rb1 {
(00:18)} Rd1 {(00:56)} 32. Rb2 {(00:29)} R8d7 {(00:
17)} 33. Kf2 {(01:35)} Ra1 {(00:45)} 34. bxa5 {(01:05)}
Nc5 {(01:28)} 35. Rb5 {(00:48)} Nd3+ {(00:52)} 36. Ke2 {
(00:31)} Ra2+ {(00:44)} 37. Kf1 Rxa4 {(00:52)} 38. Re2 {
(01:03)} Ra1+ {(00:19)} 39. Kg2 {(00:04)} Ra3 {(00:
42)} 40. c4 {(00:00)} Rc3 {(00:00)} 41. Nd2 {(07:15)} Rc2
{(14:50)} 42. Kf3 {(05:17)} Nc1 {(01:27)} 43. Re1 {
(05:00)} Rdxd2 {(04:43)} 44. Rxb7+ {(00:12)} Ke6 {(
04:52)} 45. a6 {(00:58)} Rxc4 {(01:30)} 46. a7 {(11:14)}
Ra2 {(00:04)} 47. Rd1 {(00:43)} h5 {(00:34)} 48. Rb6+ {
(04:17)} Kf7 {(01:06)} 49. Rb7+ {(00:20)} Kg6 {(00:
12)} 0-1

[Event "42nd Olympiad Baku 2016 Women"]
[Site "Baku"]
[Date "2016.09.04"]
[Round "3.30"]
[White "Meddeb, Chadha"]
[Black "Shipindo, Rauha"]
[Result "1-0"]
[ECO "C42"]
[WhiteElo "1585"]
[BlackElo "1621"]
[Annotator ""]
[PlyCount "99"]
[EventDate "2016.??.??"]
[EventCountry "AZE"]
[SourceTitle "playchess.com"]
[Source "ChessBase"]
[WhiteTeam "Tunisia"]
[BlackTeam "Namibia"]
[WhiteTeamCountry "TUN"]
[BlackTeamCountry "NAM"]
[TimeControl "40/5400+30:1800+30"]

1. e4 {(00:00)} e5 {(00:00)} 2. Nf3 {(00:00)} Nf6 {
(00:05)} 3. Nxe5 {(00:00)} d6 {(00:10)} 4. Nf3 {(
00:00)} Nxe4 {(00:09)} 5. Nc3 {(01:42)} Nf6 {(05:31)} 6.
d4 {(00:15)} d5 {(00:50)} 7. Bd3 {(00:44)} Bd6 {(
00:25)} 8. Be3 {(04:56)} Nc6 {(00:53)} 9. h3 {(01:31)} Be6
{(00:42)} 10. Qd2 {(01:02)} Qd7 {(00:46)} 11. Nb5 {
(23:42)} a6 {(08:37)} 12. Nxd6+ {(00:33)} Qxd6 {(
00:12)} 13. Bf4 {(00:18)} Qd7 {(00:34)} 14. c3 {(00:02)}
O-O {(01:13)} 15. Ne5 {(04:02)} Qe7 {(08:20)} 16. O-O-O {
(10:28)} Nxe5 {(13:16)} 17. Bxe5 {(00:41)} Ne4 {(
00:36)} 18. Qe3 {(13:22)} c6 {(04:59)} 19. f3 {(03:40)}
Nf6 {(10:11)} 20. Qg5 {(07:03)} h6 {(02:03)} 21. Qh4 {
(04:18)} Rae8 {(03:35)} 22. g4 {(01:48)} Nh7 {(12:
15)} 23. Qxe7 {(02:02)} Rxe7 {(00:05)} 24. Bd6 {(00:02)}
Rfe8 {(00:46)} 25. Bxe7 {(00:02)} Rxe7 {(00:08)} 26. Bxh7+
{(06:32)} Kxh7 {(00:09)} 27. Rde1 {(00:03)} g6 {(
00:31)} 28. Re3 {(03:07)} Rc7 {(00:32)} 29. Rhe1 {(00:43)}
c5 {(05:16)} 30. dxc5 {(00:52)} Rxc5 {(00:18)} 31. Kb1 {
(02:06)} Kg7 {(01:59)} 32. Re5 {(04:03)} g5 {(02:
57)} 33. h4 {(01:49)} Kf6 {(05:29)} 34. hxg5+ {(01:55)}
hxg5 {(00:24)} 35. Kc2 {(00:46)} Rc8 {(01:27)} 36. Kd3 {
(01:44)} b6 {(01:57)} 37. b3 {(00:15)} b5 {(00:46)}
38. Kd4 {(00:40)} a5 {(01:15)} 39. Rh1 {(00:33)} Kg6 {
(04:39)} 40. Rh5 {(00:00)} a4 {(00:00)} 41. Rexg5+ {
(00:28)} Kf6 {(04:32)} 42. f4 {(13:08)} axb3 {(05:
17)} 43. axb3 {(00:02)} Ke7 {(03:01)} 44. Rh7 {(02:49)}
Kf6 {(04:13)} 45. Rh6+ {(01:48)} Ke7 {(00:30)} 46. f5 {
(00:05)} Bd7 {(01:44)} 47. Rb6 {(00:52)} Bc6 {(02:
39)} 48. Rh5 {(02:47)} f6 {(04:16)} 49. Rh7+ {(01:16)} Kf8
{(00:20)} 50. Rh8+ {(00:23)} 1-0

[Event "42nd Olympiad Baku 2016 Women"]
[Site "Baku"]
[Date "2016.09.04"]
[Round "3.12"]
[White "Medeiros, Thauane Ferreira"]
[Black "Alaoui Belghiti, Chaimaa"]
[Result "0-1"]
[ECO "D30"]
[WhiteElo "2030"]
[BlackElo "1654"]
[Annotator ""]
[PlyCount "71"]
[EventDate "2016.??.??"]
[EventCountry "AZE"]
[SourceTitle "playchess.com"]
[Source "ChessBase"]
[WhiteTeam "Brazil"]
[BlackTeam "Morocco"]
[WhiteTeamCountry "BRA"]
[BlackTeamCountry "MAR"]
[TimeControl "40/5400+30:1800+30"]

1. d4 {(00:00)} Nf6 {(00:00)} 2. c4 {(00:07)} e6 {(
00:00)} 3. Nf3 {(00:17)} d5 {(00:52)} 4. Bg5 {(01:48)} Be7
{(04:39)} 5. Nc3 {(00:40)} Nbd7 {(05:06)} 6. cxd5 {
(00:09)} exd5 {(00:29)} 7. e3 {(00:18)} O-O {(00:
32)} 8. Bd3 {(00:25)} c6 {(00:46)} 9. Qc2 {(00:14)} h6 {
(07:23)} 10. Bh4 {(05:19)} Re8 {(03:30)} 11. Bg3 {(
12:45)} Bb4 {(02:37)} 12. O-O {(01:34)} Nh5 {(17:16)} 13.
Ne2 {(07:08)} Nxg3 {(09:20)} 14. Nxg3 {(00:26)} Bd6 {
(01:01)} 15. Rab1 {(06:48)} a5 {(08:53)} 16. a3 {(
08:36)} a4 {(01:21)} 17. Ne2 {(00:07)} Nb6 {(04:59)} 18.
Bh7+ {(25:19)} Kh8 {(05:29)} 19. Bf5 {(00:12)} Kg8 {
(01:01)} 20. Bxc8 {(02:17)} Qxc8 {(01:50)} 21. Nc3 {
(07:47)} Qg4 {(03:46)} 22. h3 {(01:34)} Qd7 {(06:
12)} 23. Nd2 {(06:16)} Bc7 {(01:18)} 24. Rfc1 {(00:47)}
Bd8 {(04:15)} 25. b4 {(01:50)} Re6 {(04:51)} 26. Qf5 {
(01:27)} Qe7 {(01:47)} 27. Re1 {(02:19)} Rf6 {(00:
37)} 28. Qd3 {(00:06)} Rg6 {(01:06)} 29. Nf3 {(01:36)} Bc7
{(00:54)} 30. e4 {(00:42)} Qd7 {(00:49)} 31. exd5 {
(01:57)} Nxd5 {(01:38)} 32. Ne5 {(00:47)} Bxe5 {(
00:31)} 33. dxe5 {(01:34)} Rxg2+ {(00:33)} 34. Kf1 {(00:
48)} Rh2 {(00:43)} 35. e6 {(02:37)} Rh1+ {(00:33)} 36. Ke2
{(00:47)} 0-1

[Event "42nd Olympiad Baku 2016 Women"]
[Site "Baku"]
[Date "2016.09.04"]
[Round "3.29"]
[White "Mentile, Lishen"]
[Black "Marzouk, Amira"]
[Result "0-1"]
[ECO "B53"]
[WhiteElo "1480"]
[BlackElo "1724"]
[Annotator ""]
[PlyCount "162"]
[EventDate "2016.??.??"]
[EventCountry "AZE"]
[SourceTitle "playchess.com"]
[Source "ChessBase"]
[WhiteTeam "Namibia"]
[BlackTeam "Tunisia"]
[WhiteTeamCountry "NAM"]
[BlackTeamCountry "TUN"]
[TimeControl "40/5400+30:1800+30"]

1. e4 {(00:00)} c5 {(00:05)} 2. Nf3 {(00:47)} d6 {(
00:28)} 3. d4 {(00:42)} cxd4 {(00:07)} 4. Qxd4 {(01:33)}
Nc6 {(02:08)} 5. Bb5 {(02:34)} Bd7 {(00:26)} 6. Bxc6 {
(02:14)} Bxc6 {(02:04)} 7. Nc3 {(02:44)} h6 {(09:
59)} 8. Be3 {(04:10)} Nf6 {(00:21)} 9. O-O {(01:46)} g6 {
(02:36)} 10. Rfd1 {(07:03)} Bg7 {(05:38)} 11. Qd3 {
(05:17)} O-O {(02:42)} 12. Bd4 {(10:15)} a6 {(05:
09)} 13. e5 {(10:59)} Ne8 {(07:23)} 14. exd6 {(01:28)}
Nxd6 {(10:06)} 15. Bxg7 {(01:21)} Kxg7 {(00:09)} 16. Ne5 {
(08:46)} Rc8 {(06:31)} 17. Qg3 {(08:32)} Qb6 {(05:
13)} 18. Rab1 {(04:15)} Rfd8 {(08:45)} 19. Nxc6 {(00:48)}
Qxc6 {(00:49)} 20. Qe5+ {(00:31)} Kg8 {(07:17)} 21. Qxe7 {
(00:02)} Rd7 {(00:23)} 22. Qe3 {(04:36)} Nf5 {(03:
55)} 23. Qf4 {(07:43)} h5 {(07:35)} 24. h3 {(04:47)} Rxd1+
{(03:07)} 25. Rxd1 {(00:02)} Qb6 {(00:10)} 26. g4 {
(04:48)} hxg4 {(05:54)} 27. hxg4 {(00:01)} Qxb2 {(
00:46)} 28. gxf5 {(01:23)} Qxc3 {(00:14)} 29. Rc1 {(01:33]
} Qc4 {(01:26)} 30. Qg3 {(01:36)} Qe4 {(02:30)} 31. fxg6 {
(01:36)} Qxg6 {(00:12)} 32. Qxg6+ {(00:05)} fxg6 {(
00:06)} 33. Kf1 {(00:27)} Kf7 {(00:23)} 34. Ke2 {(00:00)}
Ke6 {(00:29)} 35. Kd2 {(00:05)} Kd5 {(01:21)} 36. Rg1 {
(01:24)} Rc6 {(00:08)} 37. Rg3 {(00:16)} Rf6 {(01:
15)} 38. Ke2 {(00:35)} Kc4 {(00:30)} 39. Rd3 {(00:47)} b5
{(00:32)} 40. a3 {(00:00)} Re6+ {(00:00)} 41. Kd2 {
(01:00)} Kc5 {(04:10)} 42. Rc3+ {(00:39)} Kb6 {(00:
11)} 43. Rb3 {(01:41)} Rf6 {(02:55)} 44. Ke2 {(00:20)} a5
{(01:18)} 45. c4 {(03:24)} Rf5 {(01:16)} 46. cxb5 {
(08:09)} Rxb5 {(00:24)} 47. Rg3 {(00:14)} g5 {(00:
21)} 48. a4 {(02:45)} Rf5 {(06:20)} 49. Rb3+ {(01:18)} Kc6
{(00:28)} 50. Rc3+ {(00:25)} Rc5 {(01:01)} 51. Rg3 {
(00:28)} Kd6 {(01:23)} 52. Rd3+ {(01:07)} Ke6 {(00:
49)} 53. Rb3 {(00:27)} g4 {(02:51)} 54. Kd3 {(05:00)} Rf5
{(04:58)} 55. Ke2 {(00:27)} Rf4 {(01:49)} 56. Re3+ {
(02:58)} Kd5 {(01:35)} 57. Rd3+ {(02:11)} Rd4 {(00:
54)} 58. Ra3 {(00:21)} Kc5 {(00:40)} 59. Ke3 {(02:59)} Rc4
{(01:45)} 60. Kd3 {(00:59)} Rf4 {(00:38)} 61. Ke2 {
(00:18)} Kb4 {(00:39)} 62. Ra1 {(00:00)} Kb3 {(00:
24)} 63. Kf1 {(02:51)} Rxa4 {(00:17)} 64. Re1 {(00:38)}
Rc4 {(00:27)} 65. Kg2 {(00:18)} a4 {(00:52)} 66. Kg3 {
(00:23)} a3 {(00:28)} 67. f4 {(01:34)} gxf3 {(00:
39)} 68. Kxf3 {(00:01)} a2 {(00:51)} 69. Ra1 {(00:27)} Kb2
{(00:11)} 70. Rxa2+ {(00:23)} Kxa2 {(00:08)} 71. Ke3 {
(00:04)} Kb3 {(00:18)} 72. Kd3 {(00:02)} Rc8 {(00:
47)} 73. Kd4 {(00:08)} Rd8+ {(00:46)} 74. Ke5 {(00:12)}
Kc4 {(00:09)} 75. Ke4 {(00:02)} Re8+ {(00:08)} 76. Kf4 {
(01:28)} Kd4 {(00:27)} 77. Kf5 {(00:04)} Re4 {(00:
35)} 78. Kf6 {(00:35)} Re5 {(00:17)} 79. Kf7 {(00:32)} Kd5
{(00:37)} 80. Kf6 {(00:09)} Kd6 {(00:05)} 81. Kf7 {
(02:11)} Re6 {(00:23)} 0-1

[Event "42nd Olympiad Baku 2016 Women"]
[Site "Baku"]
[Date "2016.09.04"]
[Round "3.6"]
[White "Michna, Marta"]
[Black "Abdulla, Khayala"]
[Result "1-0"]
[ECO "A45"]
[WhiteElo "2383"]
[BlackElo "2214"]
[Annotator ""]
[PlyCount "163"]
[EventDate "2016.??.??"]
[EventCountry "AZE"]
[SourceTitle "playchess.com"]
[Source "ChessBase"]
[WhiteTeam "Germany"]
[BlackTeam "Azerbaijan"]
[WhiteTeamCountry "GER"]
[BlackTeamCountry "AZE"]
[TimeControl "40/5400+30:1800+30"]

1. d4 {(00:00)} Nf6 {(00:00)} 2. Bf4 {(00:04)} e6 {
(00:39)} 3. e3 {(00:24)} d5 {(00:40)} 4. Nf3 {(00:
40)} c5 {(01:40)} 5. c3 {(00:06)} Nc6 {(00:37)} 6. Nbd2 {
(00:11)} Be7 {(06:16)} 7. Bd3 {(00:43)} O-O {(04:
38)} 8. Ne5 {(01:45)} Nd7 {(05:39)} 9. h4 {(07:36)} f5 {
(09:30)} 10. Nxd7 {(14:53)} Bxd7 {(01:41)} 11. Nf3 {
(04:24)} Qb6 {(07:51)} 12. Rb1 {(02:58)} cxd4 {(09:
56)} 13. exd4 {(00:21)} Bf6 {(00:32)} 14. O-O {(05:58)}
Be8 {(11:38)} 15. Qe2 {(11:41)} Nd8 {(05:41)} 16. Qe3 {
(05:28)} Bh5 {(01:31)} 17. Ne5 {(02:14)} Bxe5 {(06:
43)} 18. Qxe5 {(02:31)} Nf7 {(00:24)} 19. Qc7 {(02:06)}
Qxc7 {(03:20)} 20. Bxc7 {(00:04)} Rac8 {(00:12)} 21. Bf4 {
(00:12)} h6 {(02:17)} 22. Rfe1 {(06:21)} g5 {(02:
32)} 23. Bd2 {(06:51)} Rfe8 {(00:35)} 24. f3 {(06:58)}
gxh4 {(05:36)} 25. Kf2 {(02:44)} Ng5 {(04:04)} 26. Rh1 {
(01:54)} h3 {(00:56)} 27. Bxg5 {(00:42)} hxg5 {(00:
07)} 28. Rxh3 {(00:03)} Bg6 {(01:28)} 29. Rg3 {(00:37)}
Kf7 {(04:49)} 30. Rxg5 {(00:10)} Rh8 {(00:08)} 31. Re1 {
(02:28)} Rh6 {(00:33)} 32. Bb5 {(07:00)} Kf6 {(00:
44)} 33. Rg3 {(04:33)} Rch8 {(00:24)} 34. f4 {(01:14)} Rh4
{(01:10)} 35. Ke3 {(00:18)} Rh1 {(01:24)} 36. Rxh1 {
(00:44)} Rxh1 {(00:02)} 37. Kd2 {(00:14)} Rg1 {(01:
31)} 38. Be2 {(00:16)} Rb1 {(00:55)} 39. Kc2 {(00:07)} Re1
{(00:18)} 40. Bf3 {(00:00)} Rf1 {(00:00)} 41. Rh3 {
(01:49)} Kg7 {(05:06)} 42. Kb3 {(01:19)} Bf7 {(04:
42)} 43. Ka3 {(01:56)} Bg6 {(04:22)} 44. b3 {(04:15)} Be8
{(03:32)} 45. Rg3+ {(08:27)} Kf8 {(00:19)} 46. Rg5 {
(02:16)} Rf2 {(01:21)} 47. c4 {(00:57)} Bd7 {(05:
24)} 48. Rh5 {(04:41)} dxc4 {(05:31)} 49. bxc4 {(00:12)}
Rd2 {(00:02)} 50. d5 {(01:09)} Rd4 {(00:12)} 51. Rh7 {
(05:46)} Ke8 {(01:06)} 52. Kb4 {(01:22)} exd5 {(01:
59)} 53. Bxd5 {(00:13)} b6 {(00:18)} 54. Rh8+ {(01:45)}
Ke7 {(00:05)} 55. Ra8 {(00:23)} a5+ {(00:41)} 56. Kc3 {
(00:06)} Rxf4 {(00:09)} 57. Rb8 {(00:31)} Rf2 {(01:
52)} 58. a3 {(01:41)} b5 {(01:49)} 59. cxb5 {(00:13)} Kd6
{(00:19)} 60. Rb7 {(02:13)} Kxd5 {(01:18)} 61. Rxd7+ {
(00:08)} Kc5 {(00:09)} 62. a4 {(00:28)} Rxg2 {(01:
00)} 63. Rc7+ {(00:08)} Kb6 {(00:58)} 64. Rc6+ {(00:34)}
Kb7 {(00:03)} 65. Kd4 {(01:05)} Rd2+ {(00:37)} 66. Ke5 {
(00:11)} Ra2 {(00:48)} 67. Rc4 {(00:13)} Rf2 {(00:
29)} 68. Rf4 {(00:16)} Re2+ {(00:30)} 69. Kxf5 {(00:09)}
Kb6 {(00:28)} 70. Rc4 {(00:19)} Kb7 {(00:27)} 71. Re4 {
(00:11)} Rh2 {(00:13)} 72. Ke6 {(01:41)} Rh6+ {(00:
31)} 73. Kd5 {(00:06)} Rh5+ {(00:05)} 74. Re5 {(01:32)}
Rh4 {(01:00)} 75. Kc5 {(00:38)} Rxa4 {(00:38)} 76. b6 {
(00:44)} Ra1 {(00:43)} 77. Re7+ {(00:03)} Kc8 {(00:
26)} 78. b7+ {(00:37)} Kb8 {(00:14)} 79. Kb6 {(00:06)}
Rb1+ {(00:48)} 80. Ka6 {(00:06)} Rb2 {(00:31)} 81. Re8+ {
(00:11)} Kc7 {(00:02)} 82. Rc8+ {(00:08)} 1-0

[Event "42nd Olympiad Baku 2016 Women"]
[Site "Baku"]
[Date "2016.09.04"]
[Round "3.32"]
[White "Miladi, Amen"]
[Black "Tsuses Patience"]
[Result "1-0"]
[ECO "C15"]
[WhiteElo "1491"]
[BlackElo "1025"]
[Annotator ""]
[PlyCount "37"]
[EventDate "2016.??.??"]
[EventCountry "AZE"]
[SourceTitle "playchess.com"]
[Source "ChessBase"]
[WhiteTeam "Tunisia"]
[BlackTeam "Namibia"]
[WhiteTeamCountry "TUN"]
[BlackTeamCountry "NAM"]
[TimeControl "40/5400+30:1800+30"]

1. e4 {(00:00)} e6 {(00:00)} 2. d4 {(00:00)} d5 {(
00:00)} 3. Nc3 {(00:00)} Bb4 {(06:38)} 4. exd5 {(00:17)}
exd5 {(00:12)} 5. Bd3 {(00:13)} Nf6 {(02:37)} 6. a3 {
(02:18)} Ba5 {(03:11)} 7. Nge2 {(01:05)} O-O {(03:
36)} 8. Bg5 {(03:46)} h6 {(04:01)} 9. Bxf6 {(00:55)} Qxf6
{(04:33)} 10. b4 {(00:12)} Bb6 {(00:34)} 11. Nxd5 {
(00:08)} Qe6 {(08:55)} 12. Nxb6 {(01:49)} Qxb6 {(
03:12)} 13. O-O {(00:50)} Bg4 {(07:32)} 14. Re1 {(07:24)}
Nc6 {(05:14)} 15. f3 {(03:41)} Bh5 {(05:53)} 16. Kh1 {
(00:27)} Nxd4 {(02:30)} 17. Nxd4 {(00:14)} Qxd4 {(
00:23)} 18. Bh7+ {(00:06)} Kxh7 {(05:15)} 19. Qxd4 {(00:
04)} 1-0

[Event "42nd Olympiad Baku 2016 Women"]
[Site "Baku"]
[Date "2016.09.04"]
[Round "3.6"]
[White "Miller, Rachel"]
[Black "Uuriintuya, Uurtsaikh"]
[Result "0-1"]
[ECO "B23"]
[WhiteElo "1971"]
[BlackElo "2228"]
[Annotator ""]
[PlyCount "100"]
[EventDate "2016.??.??"]
[EventCountry "AZE"]
[SourceTitle "playchess.com"]
[Source "ChessBase"]
[WhiteTeam "Jamaica"]
[BlackTeam "Mongolia"]
[WhiteTeamCountry "JAM"]
[BlackTeamCountry "MGL"]
[TimeControl "40/5400+30:1800+30"]

1. e4 {(00:00)} c5 {(00:00)} 2. Nc3 {(00:08)} Nc6 {
(00:00)} 3. f4 {(00:33)} g6 {(00:11)} 4. Nf3 {(00:
21)} Bg7 {(00:18)} 5. Bb5 {(00:23)} Nd4 {(00:15)} 6. O-O {
(00:36)} a6 {(02:49)} 7. Bd3 {(00:22)} d6 {(01:17)}
8. Nxd4 {(00:33)} Bxd4+ {(06:11)} 9. Kh1 {(00:48)} Bg7 {
(01:23)} 10. Qf3 {(04:20)} Nf6 {(07:03)} 11. e5 {(
02:36)} Ng4 {(02:31)} 12. e6 {(24:34)} Bxe6 {(00:36)} 13.
Qxb7 {(00:07)} O-O {(11:40)} 14. Qf3 {(29:07)} d5 {
(13:23)} 15. b3 {(10:36)} Nh6 {(14:14)} 16. a4 {(
08:42)} c4 {(12:26)} 17. bxc4 {(00:21)} dxc4 {(00:10)} 18.
Be4 {(00:36)} Ra7 {(00:54)} 19. Rb1 {(01:15)} Nf5 {
(03:01)} 20. Ne2 {(04:50)} h5 {(05:46)} 21. Ba3 {(
03:53)} Qxd2 {(04:52)} 22. Bc5 {(00:04)} Rd7 {(01:07)} 23.
Bb4 {(04:48)} Qe3 {(00:06)} 24. Bxf5 {(01:47)} Qxf3 {
(00:05)} 25. Rxf3 {(00:10)} Bxf5 {(00:06)} 26. Rc1 {
(00:41)} Bxc2 {(01:58)} 27. Ng3 {(00:16)} Bxa4 {(
01:53)} 28. Re3 {(00:30)} Rb8 {(01:27)} 29. Bxe7 {(00:34)}
c3 {(00:18)} 30. Bc5 {(00:37)} c2 {(00:42)} 31. Ree1 {
(00:07)} Bb2 {(00:18)} 32. Ne4 {(00:39)} Rd1 {(00:
19)} 33. Rcxd1 {(00:59)} cxd1=Q {(00:14)} 34. Rxd1 {(00:
01)} Bxd1 {(00:10)} 35. h3 {(00:04)} a5 {(00:20)} 36. Kh2
{(00:30)} a4 {(00:08)} 37. Bd6 {(00:33)} a3 {(00:
17)} 38. Bxb8 {(00:08)} a2 {(00:07)} 39. Be5 {(00:31)}
a1=Q {(00:13)} 40. Nf6+ {(00:00)} Kh8 {(00:00)} 41. Ng4+ {
(00:37)} Bxe5 {(00:23)} 42. Nxe5 {(00:03)} Qd4 {(
00:18)} 43. Nxf7+ {(00:29)} Kg7 {(00:11)} 44. Ng5 {(00:20]
} Qxf4+ {(00:03)} 45. Kg1 {(00:10)} Qxg5 {(00:04)} 46. h4
{(00:04)} Qg3 {(00:13)} 47. Kf1 {(00:21)} Bg4 {(00:
04)} 48. Kg1 {(00:08)} Bf3 {(00:07)} 49. Kf1 {(00:06)}
Qxg2+ {(00:07)} 50. Ke1 {(00:04)} Qe2# {(00:07)} 0-1

[Event "42nd Olympiad Baku 2016 Women"]
[Site "Baku"]
[Date "2016.09.04"]
[Round "3.21"]
[White "Milliet, Sophie"]
[Black "Rodriguez Rueda, Paula Andrea"]
[Result "1/2-1/2"]
[ECO "B52"]
[WhiteElo "2362"]
[BlackElo "2326"]
[Annotator ""]
[PlyCount "113"]
[EventDate "2016.??.??"]
[EventCountry "AZE"]
[SourceTitle "playchess.com"]
[Source "ChessBase"]
[WhiteTeam "France"]
[BlackTeam "Colombia"]
[WhiteTeamCountry "FRA"]
[BlackTeamCountry "COL"]
[TimeControl "40/5400+30:1800+30"]

1. e4 {(00:00)} c5 {(00:00)} 2. Nf3 {(00:00)} d6 {(
00:00)} 3. Bb5+ {(00:00)} Bd7 {(00:18)} 4. Bxd7+ {(00:01)}
Qxd7 {(00:29)} 5. c4 {(00:10)} Nc6 {(01:02)} 6. d4 {
(01:18)} cxd4 {(01:01)} 7. Nxd4 {(00:05)} g6 {(00:
42)} 8. Nc3 {(01:19)} Bg7 {(00:15)} 9. Be3 {(00:07)} Nf6 {
(00:11)} 10. f3 {(00:16)} O-O {(00:25)} 11. Rc1 {(
00:18)} a6 {(03:48)} 12. Nxc6 {(00:55)} Qxc6 {(01:00)} 13.
b3 {(02:02)} Rab8 {(09:13)} 14. O-O {(04:39)} Qd7 {
(07:35)} 15. Bb6 {(09:11)} Qc6 {(08:54)} 16. Bd4 {(
00:49)} Qd7 {(01:29)} 17. Kh1 {(31:07)} Rfd8 {(13:18)} 18.
Bb6 {(00:37)} Re8 {(00:58)} 19. a4 {(01:46)} h5 {(
02:52)} 20. Nd5 {(04:04)} Nxd5 {(01:03)} 21. exd5 {(00:05]
} Qf5 {(03:39)} 22. Qc2 {(07:03)} Qf6 {(03:58)} 23. f4 {
(04:35)} Rbc8 {(02:27)} 24. f5 {(02:20)} g5 {(02:
16)} 25. Rcd1 {(06:24)} Qh6 {(00:51)} 26. Qd2 {(06:39)} h4
{(04:37)} 27. Be3 {(02:57)} Bf6 {(00:26)} 28. Qe2 {
(05:57)} Kg7 {(04:07)} 29. Qg4 {(03:46)} Rh8 {(00:
20)} 30. h3 {(00:18)} Qh5 {(00:39)} 31. Rc1 {(03:20)} Qxg4
{(03:00)} 32. hxg4 {(00:01)} Kf8 {(01:30)} 33. a5 {
(01:56)} Ke8 {(00:29)} 34. Rc2 {(00:17)} Kd7 {(00:
49)} 35. b4 {(00:06)} Be5 {(01:13)} 36. Rf3 {(01:35)} f6 {
(01:08)} 37. Bb6 {(00:15)} Rh7 {(05:21)} 38. Kg1 {(
01:18)} Rch8 {(00:50)} 39. Rh3 {(00:09)} Bg3 {(00:47)} 40.
Kf1 {(00:00)} Rc8 {(00:00)} 41. Ke2 {(02:00)} Rhh8 {
(03:45)} 42. Rh1 {(05:24)} Be5 {(00:31)} 43. Kd3 {(
00:44)} Rh7 {(00:23)} 44. Be3 {(07:20)} h3 {(06:49)} 45.
gxh3 {(05:32)} Rch8 {(00:14)} 46. c5 {(00:08)} Rxh3 {
(00:11)} 47. c6+ {(02:39)} bxc6 {(00:49)} 48. dxc6+ {
(00:10)} Kc7 {(00:11)} 49. Rxh3 {(00:41)} Rxh3 {(
00:02)} 50. Re2 {(11:19)} Bf4 {(00:14)} 51. Kd4 {(00:10)}
Bxe3+ {(01:07)} 52. Rxe3 {(00:01)} Rxe3 {(08:59)} 53. Kxe3
{(00:00)} Kxc6 {(00:15)} 54. Kd4 {(00:34)} d5 {(05:
41)} 55. Kc3 {(00:05)} Kb5 {(01:23)} 56. Kd4 {(00:01)} Kc6
{(01:07)} 57. Kc3 {(00:03)} 1/2-1/2